 Dungeon Crawl Stone Soup version 0.19.3 (webtiles) character file.

10549 Lahna the Prestidigitator (level 11, -23/100 HPs)
             Began as a Deep Dwarf Fighter on Jan 22, 2017.
             Was an Elder of Makhleb.
             Annihilated by a hill giant
             ... wielding a +0 giant spiked club
              (35 damage)
             ... on level 10 of the Dungeon.
             The game lasted 00:29:54 (7683 turns).

Lahna the Prestidigitator (Deep Dwarf Fighter)      Turns: 7683, Time: 00:29:55

Health: -23/100    AC: 12    Str: 24    XL:     11   Next: 37%
Magic:  11/11      EV:  9    Int: 11    God:    Makhleb [****..]
Gold:   921        SH: 12    Dex: 12    Spells: 0 memorised, 10 levels left

rFire  . . .     SeeInvis .     L - +0 broad axe
rCold  . . .     Gourm    .     b - +0 scale mail
rNeg   . . .     Faith    .     c - +0 shield
rPois  .         Spirit   .     J - +0 hat {Int+3}
rElec  .         Reflect  .     G - +2 cloak {MR+}
rCorr  .         Harm     .     (no gloves)
MR     ++...                    w - +0 pair of boots
Stlth  ..........               H - amulet of magic regeneration
                                (no ring)
                                (no ring)

@: lethally poisoned (-23 -> -23), non-regenerating, slowed, very slow
A: damage resistance, recharge devices, sense surroundings 2, slow regeneration
3
a: Device Recharging, Minor Destruction, Lesser Servant of Makhleb, Major
Destruction, Renounce Religion


You were on level 10 of the Dungeon.
You worshipped Makhleb.
Makhleb was greatly pleased with you.
You were not hungry.

You visited 1 branch of the dungeon, and saw 10 of its levels.
You also visited: Ossuary.

You collected 921 gold pieces.

Inventory:

Hand Weapons
 L - a +0 broad axe (weapon)
Armour
 b - a +0 scale mail (worn)
 c - a +0 shield (worn)
 w - a +0 pair of boots (worn)
 G - a +2 cloak of magic resistance (worn)
 J - a +0 hat of intelligence (worn)
Rods
 I - a -2 lightning rod (11/11)
   (You found it on level 8 of the Dungeon)
Jewellery
 o - an uncursed ring of ice
 H - an amulet of magic regeneration (around neck)
Wands
 d - a wand of paralysis (10/24)
 e - a wand of heal wounds (6/9)
 t - a wand of paralysis (4/24)
 A - a wand of iceblast (3/15)
Scrolls
 i - a scroll of magic mapping {unknown}
 k - a scroll of fear {unknown}
 p - 6 scrolls of remove curse
 r - a scroll of random uselessness {unknown}
 s - 3 scrolls of enchant armour {unknown}
 y - a scroll of teleportation {unknown}
 B - 3 scrolls of identify
 C - 2 scrolls of enchant weapon {unknown}
 E - 2 scrolls of fog {unknown}
 F - 2 scrolls of noise {unknown}
 K - a scroll of holy word {unknown}
Potions
 g - 2 potions of curing
 h - 3 potions of agility {unknown}
 j - a potion of berserk rage
 l - a potion of beneficial mutation {unknown}
 m - 4 potions of heal wounds
 n - a potion of resistance {unknown}
 q - 5 potions of flight
 v - 2 potions of cure mutation
 x - a potion of magic {unknown}
 z - a potion of lignification {unknown}
 D - 2 potions of haste {unknown}
Comestibles
 a - 5 chunks of flesh
 f - 8 bread rations
 u - 6 meat rations
 M - 4 fruits
 N - 8 slices of pizza


   Skills:
 + Level 7.0 Fighting
 - Level 10.0 Axes
 + Level 7.9 Armour
 + Level 1.2 Dodging
 + Level 8.7 Shields
 - Level 4.0 Invocations
 - Level 12.0 Evocations


You had 10 spell levels left.
You didn't know any spells.

Dungeon Overview and Level Annotations

Branches:
Dungeon (10/15)            Temple (0/1) D:7             Orc (0/2) D:9
   Lair: D:8-11

Altars:
Fedhas
Hepliaklqana
Makhleb
Nemelex Xobeh
Okawaru
Ru
Trog
Uskayaw
Vehumet
Yredelemnul
The Shining One


Innate Abilities, Weirdness & Mutations

You are resistant to damage.
You can recharge devices by infusing magical energy.
You passively map the area around you.
You do not regenerate.


Message History

Evoke which item? (* to show all) (? for menu, Esc to quit)
Zapping:
e - a wand of heal wounds (7/9)
Press: ? - help, Shift-Dir - straight line, f - you You feel much better.
This wand has 6 charges left.
The hornet stings you!
You are more poisoned.
You feel as though you will be slow longer.
The hill giant hits you with a giant spiked club!!
* * * LOW HITPOINT WARNING * * *
The hornet stings you but does no damage.
Evoke which item? (* to show all) (? for menu, Esc to quit)
Zapping:
t - a wand of paralysis (5/24)
Press: ? - help, Shift-Dir - straight line, f - hill giant
Aim: a hill giant, wielding a giant spiked club (moderately wounded, chance to defeat MR: 52%)
The hill giant resists with significant effort.
This wand has 4 charges left.
The hornet stings you!
* * * LOW HITPOINT WARNING * * *
You are more poisoned.
You feel as though you will be slow longer.
The hill giant hits you with a giant spiked club!!!
You die...

, , ,, * #.......#. , ,...
#.......#. ... * #.......#.
.... #.......#. , ,, .....
#.......#.
,,,.....##########.......#(
, ,
......................#. ,,
, ......C...............##
* ......y@................
* ..######................
* * , #................ *
#...............# * *
#..####'###.....# ,
#..#......#.....# * , , ,
#..#......#.....# +,,
...#......#.....# , , ,,
#..##......#.....#


You could see a hill giant and a hornet.

Vanquished Creatures
  Gastronok (D:8)
  Fannar (D:10)
  Pikel (D:7)
  2 ugly things
  A manticore (D:9)
  Joseph (D:8)
  The ghost of loom the Conjurer, a novice DECj (Ossuary)
  Maurice (D:8)
  Grinder (D:5)
  Sigmund (D:2)
  A wraith (D:10)
  A spriggan (D:10)
  2 humans (D:7)
  Eustachio (D:5)
  Grum (D:7)
  3 hungry ghosts
  A soldier ant (D:9)
  A water moccasin (D:7)
  2 sky beasts
  2 slaves (D:7)
  A black bear (D:8)
  An orc warrior (D:7)
  5 phantoms
  3 ogres
  A necrophage (D:7)
  A centaur (D:5)
  2 crocodiles
  4 wolves (D:7)
  Blork the orc (D:5)
  3 big kobolds
  4 bullfrogs
  A gnoll sergeant (D:7)
  A wyvern skeleton (D:8)
  3 scorpions
  2 troll zombies (D:9)
  4 killer bees
  2 howler monkeys
  A crimson imp (D:10)
  A hound (D:6)
  3 orc priests
  Crazy Yiuf (D:6)
  A centaur skeleton (D:6)
  Ijyb (D:2)
  A bullfrog skeleton (D:5)
  3 iron imps (D:4)
  Jessica (D:2)
  An iguana (D:7)
  3 orc wizards
  7 worker ants
  A big kobold zombie (Ossuary)
  4 ogre zombies (D:9)
  2 mummies (Ossuary)
  12 gnolls
  11 adders
  2 adder skeletons
  4 worms
  2 dart slugs
  4 leopard geckos
  19 orcs
  6 bats
  6 giant cockroaches
  7 goblins
  9 hobgoblins
  4 jackals (D:8)
  20 kobolds
  5 quokkas
  6 frilled lizards
  5 gnoll zombies (Ossuary)
  A goblin skeleton (D:9)
  5 goblin zombies
  7 hobgoblin zombies
  A leopard gecko zombie (D:3)
  3 orc skeletons (D:9)
  11 orc zombies
  A quokka skeleton (D:5)
  2 rats (D:1)
249 creatures vanquished.

Notes
Turn   | Place    | Note
-------+----------+-------------------------------------------
     0 | D:1      | Lahna the Deep Dwarf Fighter began the quest for the Orb.
     0 | D:1      | Reached XP level 1. HP: 20/20 MP: 1/1
    94 | D:1      | Reached XP level 2. HP: 20/27 MP: 2/2
   490 | D:1      | Reached XP level 3. HP: 18/34 MP: 3/3
   708 | D:2      | Noticed Ijyb
   727 | D:2      | Killed Ijyb
   736 | D:2      | Noticed Jessica
   746 | D:2      | Killed Jessica
   746 | D:2      | Reached XP level 4. HP: 3/42 MP: 4/4
   803 | D:2      | Reached skill level 5 in Axes
   966 | D:2      | Noticed Sigmund
   977 | D:2      | Killed Sigmund
   977 | D:2      | Reached XP level 5. HP: 13/49 MP: 5/5
   977 | D:2      | Reached XP level 6. HP: 15/56 MP: 6/6
  1193 | D:2      | Found a runed door.
  1197 | D:2      | Noticed Crazy Yiuf
  1794 | D:3      | Found a basalt altar of Yredelemnul.
  1795 | D:3      | Found a hazy altar of Hepliaklqana.
  2032 | D:4      | Found a bloodstained altar of Trog.
  2124 | D:4      | Reached XP level 7. HP: 9/62 MP: 7/7
  2179 | D:4      | Found a blossoming altar of Fedhas.
  2250 | D:4      | Reached skill level 5 in Armour
  2455 | D:4      | Found a burning altar of Makhleb.
  2467 | D:4      | Reached skill level 5 in Shields
  2478 | D:4      | Reached skill level 1 in Evocations
  2480 | D:4      | Reached skill level 2 in Evocations
  2488 | D:4      | Became a worshipper of Makhleb the Destroyer
  2730 | D:5      | Entered Level 5 of the Dungeon
  2839 | D:5      | Noticed Blork the orc
  2994 | D:5      | Killed Blork the orc
  3118 | D:5      | Reached skill level 3 in Evocations
  3131 | D:5      | Reached skill level 4 in Evocations
  3233 | D:5      | Reached skill level 5 in Evocations
  3233 | D:5      | Reached XP level 8. HP: 63/69 MP: 10/10
  3317 | D:5      | Found a sand-covered staircase.
  3317 | D:5      | Noticed Grinder
  3321 | D:5      | Paralysed by Grinder for 7 turns
  3337 | D:5      | Paralysed by Grinder for 6 turns
  3354 | D:5      | HP: 2/69 [Grinder/nerve-wracking pain (10)]
  3357 | D:5      | Killed Grinder
  3373 | Ossuary  | Entered an ossuary
  3413 | Ossuary  | Noticed loom's ghost (novice DECj)
  3432 | Ossuary  | Killed loom's ghost
  3432 | Ossuary  | Reached * piety under Makhleb
  3693 | D:5      | Noticed Eustachio
  3707 | D:5      | Killed Eustachio
  3747 | D:5      | Found a sacrificial altar of Ru.
  3852 | D:6      | Killed Crazy Yiuf
  4054 | D:6      | Gained mutation: You passively map the area around you. [Deep Dwarf growth]
  4054 | D:6      | Reached XP level 9. HP: 24/85 MP: 10/10
  4625 | D:7      | Reached ** piety under Makhleb
  4629 | D:7      | Found a staircase to the Ecumenical Temple.
  4992 | D:7      | Noticed Pikel
  5011 | D:7      | Killed Pikel
  5175 | D:7      | Found an iron altar of Okawaru.
  5263 | D:8      | Noticed Grum
  5277 | D:7      | Reached XP level 10. HP: 78/93 MP: 10/10
  5334 | D:7      | Killed Grum
  5337 | D:7      | Reached skill level 10 in Axes
  5487 | D:8      | Noticed Joseph
  5488 | D:8      | Noticed Gastronok
  5507 | D:8      | Killed Joseph
  5507 | D:8      | Reached skill level 6 in Evocations
  5536 | D:8      | Killed Gastronok
  5536 | D:8      | Reached skill level 10 in Evocations
  5749 | D:8      | Noticed Maurice
  5761 | D:8      | Killed Maurice
  5761 | D:8      | Reached skill level 11 in Evocations
  5762 | D:8      | Found a glowing golden altar of the Shining One.
  5953 | D:9      | Noticed a cyan ugly thing
  5971 | D:9      | Killed a cyan ugly thing
  6038 | D:9      | Reached *** piety under Makhleb
  6117 | D:9      | Found a sparkling altar of Nemelex Xobeh.
  6235 | D:9      | Reached XP level 11. HP: 53/100 MP: 11/11
  6247 | D:9      | Found a staircase to the Orcish Mines.
  6685 | D:10     | Entered Level 10 of the Dungeon
  6739 | D:9      | Found a hide-covered altar of Uskayaw.
  6832 | D:9      | Reached **** piety under Makhleb
  6961 | D:9      | Found a radiant altar of Vehumet.
  7338 | D:10     | Reached skill level 12 in Evocations
  7457 | D:10     | Noticed Fannar
  7459 | D:10     | Noticed a cyan ugly thing
  7468 | D:10     | Killed a cyan ugly thing
  7468 | D:10     | Reached skill level 1 in Dodging
  7487 | D:10     | Killed Fannar
  7673 | D:10     | Paralysed by a hornet for 2 turns
  7674 | D:10     | Noticed a hill giant
  7676 | D:10     | Paralysed by a hornet for 2 turns
  7683 | D:10     | Annihilated by a hill giant

Skill      XL: |  1  2  3  4  5  6  7  8  9 10 11 |
---------------+----------------------------------+-----
Axes           | 3 4 6 7 9 10 | 10.0
Fighting       | 3 6 7 |  7.0
Armour         | 4 5 7 |  7.9
Shields        | 4 5 6 7 8 |  8.7
Evocations     | 5 11 12 | 12.0
Invocations    | 2 3 4 |  4.0
Dodging        | 1 |  1.2

Action                   |  1- 3 |  4- 6 |  7- 9 | 10-12 || total
-------------------------+-------+-------+-------+-------++-------
Melee: War axe           |    88 |   146 |   436 |   304 ||   974
       Broad axe         |       |       |       |   133 ||   133
Invok: Minor Destruction |       |       |     2 |     6 ||     8
 Abil: Device Recharging |       |       |     4 |     5 ||     9
Evoke: Wand              |       |     3 |    14 |    22 ||    39
  Use: Potion            |       |     1 |     5 |     1 ||     7
       Scroll            |       |     1 |     6 |       ||     7
 Stab: Paralysed         |       |       |       |    36 ||    36
  Eat: Chunk             |       |     4 |    11 |     8 ||    23
       Fruit             |       |       |     2 |     3 ||     5
       Royal jelly       |       |       |     1 |       ||     1
       Beef jerky        |       |       |       |     2 ||     2
Armor: Scale mail        |    54 |    37 |   233 |   135 ||   459
Dodge: Dodged            |    29 |    41 |   129 |   104 ||   303
Block: Shield            |    49 |    63 |   232 |   234 ||   578
